 Dungeon Crawl Stone Soup version 0.29-a0-664-gff9cad4a3d (webtiles) character file.

Game seed: 16695152992749968898

264 Newt the Poker (level 5, -4/42 HPs)
             Began as a Demonspawn Abyssal Knight on June 22, 2022.
             Was a Believer of Lugonu.
             Succumbed to an orc's poison
             ... on level 3 of the Dungeon.
             The game lasted 00:10:08 (2164 turns).

Newt the Poker (Demonspawn Abyssal Knight)          Turns: 2164, Time: 00:10:09

Health: -4/42      AC:  5    Str: 15    XL:     5   Next: 98%
Magic:  5/6        EV: 12    Int: 11    God:    Lugonu [**....]
Gold:   98         SH:  4    Dex: 14    Spells: 4/4 levels left

rFire   . . .      SeeInvis .   a - +1 spear (spect)
rCold   . . .      Faith    .   (no shield)
rNeg    . . .      Spirit   .   b - +0 leather armour
rPois   .          Reflect  .   (helmet restricted)
rElec   .          Harm     .   (no cloak)
rCorr   .          Rampage  .   (no gloves)
Will    .....                   (no boots)
Stlth   +.........              (no amulet)
HPRegen 0.14/turn               (no ring)
MPRegen 0.10/turn               (no ring)

@: lethally poisoned (-4 -> -34)
A: antennae 1, thin metallic scales 1, condensation shield
a: Renounce Religion, Depart the Abyss, Bend Space


You were on level 3 of the Dungeon.
You worshipped Lugonu.
Lugonu was pleased with you.
You visited 1 branch of the dungeon, and saw 3 of its levels.
You visited the Abyss 1 time.

You collected 118 gold pieces.
You spent 20 gold pieces at shops.

Inventory:

Hand Weapons
 a - a +1 spectral spear (weapon)
Armour
 b - a +0 leather armour (worn)
Jewellery
 e - an amulet of the acrobat
 f - an amulet of guardian spirit
Scrolls
 h - 2 scrolls of immolation
 k - a scroll of noise {unknown}
 o - a scroll of identify
Potions
 c - 2 potions of resistance
 d - a potion of ambrosia
 g - a potion of degeneration
 i - a potion of lignification {unknown}
 j - 3 potions of attraction {unknown}
 l - a potion of brilliance {unknown}
 m - a potion of curing
 n - a potion of might {unknown}


   Skills:
 + Level 3.7 Fighting
 + Level 4.0 Polearms
 + Level 2.7 Armour
 + Level 1.8 Dodging
 - Level 1.0 Stealth
 + Level 1.1 Shields
 + Level 2.6 Invocations


You had 4 spell levels left.
You didn't know any spells.
Your spell library contained the following spells:

 Spells                   Type           Power      Damage    Failure   Level
 Scorch                   Fire           0%         2d5       54%         2
 Ozocubu's Armour         Ice            0%         N/A       78%         3
 Flame Wave               Conj/Fire      0%         2d4       99%         4
 Metabolic Englaciation   Hex/Ice        0%         N/A       100%        5
 Simulacrum               Ice/Necr       0%         N/A       100%        6
 Summon Cactus Giant      Summ           0%         N/A       100%        6


Dungeon Overview and Level Annotations

Branches:
Dungeon (3/15)

Altars:
The Shining One

Shops:
D:1 (   D:2 *


Innate Abilities, Weirdness & Mutations

You have a pair of small antennae on your head.
You are partially covered in thin metallic scales. (AC +2)
A meltable shield of frost defends you. (SH +4)


Message History

Press: ? - help, Dir - move target, f/p - orc priest
Aim: an orc priest, wielding a +0 falchion and wearing a +0 leather armour (about 35% to evade your +1 spectral spear)
You reach to attack!
You closely miss the orc priest. The orc barely misses you.
Reach: a) +1 spear (spect)
Press: ? - help, Dir - move target, f/p - orc priest
Aim: an orc priest, wielding a +0 falchion and wearing a +0 leather armour (about 35% to evade your +1 spectral spear)
You reach to attack!
You hit the orc priest but do no damage.
Reach: a) +1 spear (spect)
Press: ? - help, Dir - move target, f/p - orc priest
Aim: an orc priest, wielding a +0 falchion and wearing a +0 leather armour (about 35% to evade your +1 spectral spear)
The orc is in the way.
You hit the orc.
The orc is heavily wounded.
Your +1 spectral spear closely misses the orc.
The orc hits you but does no damage.
Reach: a) +1 spear (spect)
Press: ? - help, Dir - move target, f/p - orc priest
Aim: an orc priest, wielding a +0 falchion and wearing a +0 leather armour (about 35% to evade your +1 spectral spear)
You reach to attack!
You hit the orc priest but do no damage.
The orc hits you with a +2 hand axe of venom.
You are poisoned.
Reach: a) +1 spear (spect)
Press: ? - help, Dir - move target, f/p - orc priest
Aim: an orc priest, wielding a +0 falchion and wearing a +0 leather armour (about 35% to evade your +1 spectral spear)
You reach to attack!
You barely miss the orc priest.
You feel very sick.
An orc priest comes into view. It is wielding a +0 dagger.
The orc hits you with a +2 hand axe of venom.
You are more poisoned.
The orc attacks as you move away!
The orc hits you with a +2 hand axe of venom.
You are lethally poisoned!
You feel extremely sick.
The orc priest invokes the aid of Beogh against you.
Beogh smites you!
* * * LOW HITPOINT WARNING * * *
An orc comes into view. It is wielding a +0 dagger.
Space bends violently around you!
You blink.
You die...

.#.†..# o##.##
###..#
####.o....
.###..#
#.ooo...#
......#
#§#######
####.## #.# #.#
#.# #.##### #.#
#...(.#######.#
#####........@#
###########


You could see an orc.

Vanquished Creatures
  Grinder (D:3)
  5 adders
  A worm (D:3)
  A dart slug (D:1)
  An orc (D:3)
  3 endoplasms
  A giant cockroach (D:2)
  A goblin (D:3)
  A hobgoblin (D:3)
  A quokka (D:1)
  2 ball pythons
  5 bats
  A frilled lizard (D:3)
  4 kobolds
  3 rats
31 creatures vanquished.

Notes
Turn   | Place    | Note
-------+----------+-------------------------------------------
     0 | Abyss:1  | Newt the Demonspawn Abyssal Knight began the quest for the
                  | Orb.
     0 | Abyss:1  | Reached XP level 1. HP: 18/18 MP: 2/2
     1 | Abyss:1  | Found a corrupted altar of Lugonu.
    54 | Abyss:1  | Noticed an ancient zyme
    55 | Abyss:1  | Noticed a large abomination
    56 | D:1      | Escaped the Abyss
   161 | D:1      | Reached ** piety under Lugonu
   162 | D:1      | Reached skill level 2 in Polearms
   416 | D:1      | Found Duzom's Weapon Boutique.
   508 | D:1      | Reached skill level 1 in Dodging
   511 | D:1      | Gained mutation: A meltable shield of frost defends you.
                  | (SH +4) [demonic ancestry]
   511 | D:1      | Reached XP level 2. HP: 9/24 MP: 3/3
   712 | D:1      | Found a faded altar of an unknown god.
   815 | D:2      | Reached XP level 3. HP: 26/29 MP: 4/4
  1379 | D:2      | Found Cistyni's General Store.
  1386 | D:2      | Bought a scroll of identify for 20 gold pieces
  1517 | D:3      | Noticed Grinder
  1908 | D:3      | Killed Grinder
  1909 | D:3      | Reached skill level 3 in Polearms
  1909 | D:3      | Reached skill level 1 in Stealth
  1909 | D:3      | Reached skill level 1 in Shields
  1909 | D:3      | Gained mutation: You are partially covered in thin metallic
                  | scales. (AC +2) [demonic ancestry]
  1909 | D:3      | Reached XP level 4. HP: 16/37 MP: 5/5
  1909 | D:3      | Gained mutation: You have a pair of small antennae on your
                  | head. [demonic ancestry]
  1909 | D:3      | Reached XP level 5. HP: 18/42 MP: 6/6
  2124 | D:3      | Reached skill level 4 in Polearms
  2164 | D:3      | Succumbed to an orc's poison

Illustrated notes

Levels and vault maps discovered:
D:1:      scummos_arrival_simple_fountains, layout_loops_corners, serial_shops,
          shop, shop, shapermc_ecumenical_altar_venn,
          chequers_serial_rivers_large_a
D:2:      layout_loops_ring, serial_shops, nicolae_shop_stone, minivault_5
D:3:      layout_loops_cross, mainiacjoe_overflow_catwalk, dk_noncrumbling_2,
          uniq_grinder

Skill      XL: |  1  2  3  4  5 |
---------------+----------------+-----
Polearms       | 2 3 4 |  4.0
Dodging        | 1 |  1.8
Armour         | 2 |  2.7
Stealth        | 1 |  1.0
Shields        | 1 |  1.1
Fighting       | |  3.7
Invocations    | |  2.6

Action                   |  1- 3 |  4- 6 || total
-------------------------+-------+-------++-------
Melee: Spear             |   101 |    13 ||   114
Invok: Depart the Abyss  |     1 |       ||     1
       Bend Space        |     1 |     1 ||     2
  Use: Scroll            |     9 |       ||     9
 Stab: Sleeping          |     2 |     2 ||     4
Armor: Leather armour    |    17 |     1 ||    18
Dodge: Dodged            |    56 |     3 ||    59
Block: Other             |    11 |     2 ||    13

Table legend: (Time is in decaauts)
 A = Elapsed time spent in this place.
 B = Non-inter-level travel time spent in this place.
 C = Inter-level travel time spent in this place.
 D = Time resting spent in this place.
 E = Time spent auto-exploring this place.
 F = Levels seen in this place.
 G = Mean time per level.
                   A        B        C        D        E       F      G
               +--------+--------+--------+--------+--------+-----+--------+
         Total |   2169 |   2169 |      0 |   1202 |     69 |   4 |  542.2 |
       Dungeon |   2111 |   2111 |      0 |   1202 |     16 |   3 |  703.7 |
         Abyss |     57 |     57 |      0 |      0 |     53 |   1 |   57.0 |
               +--------+--------+--------+--------+--------+-----+--------+

Top non-repeatable levels by time:
     D:2: 993 daAuts
     D:1: 722 daAuts
     D:3: 396 daAuts
 Abyss:1: 57 daAuts
